 Dungeon Crawl Stone Soup version 0.25-a0-635-g0c6c292ef3 (webtiles) character file.

Game seed: 10109758617880604992, levelgen mode: deterministic

13132 sanka the Nimble (level 12, -1/100 HPs)
             Began as a Barachi Ice Elementalist on Mar 19, 2020.
             Was a High Priest of Vehumet.
             Slain by a freezing wraith (5 damage)
             ... on level 11 of the Dungeon on Mar 20, 2020.
             The game lasted 00:40:12 (11359 turns).

sanka the Nimble (Barachi Ice Elementalist)        Turns: 11359, Time: 00:40:13

Health: -1/100     AC: 11    Str:  9    XL:     12   Next: 2%
Magic:  7/21       EV: 18    Int: 25    God:    Vehumet [*****.]
Gold:   712        SH:  3    Dex: 14    Spells: 2/23 levels left

rFire    . . .     SeeInvis .   a - +9 staff of Olgreb {rPois∞}
rCold    . . .     Gourm    .   (no shield)
rNeg     . . .     Faith    .   S - +3 troll leather armour {Snorg}
rPois    ∞         Spirit   .   K - +0 helmet
rElec    +         Reflect  +   n - +2 cloak {rPois}
rCorr    .         Harm     .   (no gloves)
MR       +....                  (no boots)
Stlth    ++........             C - amulet "Sax Xas" {Reflect rElec Int+3 Dex+2 SH+3}
HPRegen  0.66/turn              D - ring of flight
MPRegen  0.17/turn              O - ring of protection from magic

@: slowed, very slow
A: +LOS, swims, slowness 1, strong legs 1
a: Hop, Renounce Religion, Evoke Flight


You were on level 11 of the Dungeon.
You worshipped Vehumet.
Vehumet was extremely pleased with you.
You were not hungry.

You visited 1 branch of the dungeon, and saw 11 of its levels.
You also visited: Sewer.

You collected 740 gold pieces.
You spent 28 gold pieces at shops.


Innate Abilities, Weirdness & Mutations

You can be seen from farther away. (+LOS)
You can swim through water.
You cover ground slowly.
You can hop short distances.


   Skills:
 - Level 11.0 Fighting
 + Level 11.2 Dodging
 - Level 1.7 Stealth
 + Level 6.1 Spellcasting
 + Level 3.0 Conjurations
 - Level 3.0 Summonings
 + Level 11.0 Ice Magic
 + Level 0.1 Air Magic
 + Level 7.8 Evocations


You had 2 spell levels left.
You knew the following spells:

 Your Spells              Type           Power        Failure   Level  Hunger
a - Ozocubu's Armour      Chrm/Ice       #####...     3%          3    None
u - Hailstorm             Conj/Ice       #####...     1%          4    ###....
x - Summon Ice Beast      Ice/Summ       #####...     6%          4    ###....
y - Frozen Ramparts       Ice            ######       1%          3    None
z - Freeze                Ice            ####         1%          1    None
X - Freezing Cloud        Conj/Ice/Air   ####......   47%         6    ######.

Your spell library contained the following spells:

 Spells                   Type           Power        Failure   Level  Hunger
 Iron Shot                Conj/Erth      ###.......   88%         6    ######.
 Ensorcelled Hibernation  Hex/Ice        #####.       1%          2    None
 Summon Small Mammal      Summ           ###.         3%          1    None
 Animate Skeleton         Necr           N/A          11%         1    None
 Apportation              Tloc           #.....       11%         1    None
 Corona                   Hex            #......      11%         1    None
 Poisonous Vapours        Pois/Air       ##....       16%         2    None
 Conjure Flame            Conj/Fire      ###.....     4%          3    None
 Dazzling Flash           Conj/Hex       ###...       4%          3    None
 Mephitic Cloud           Conj/Pois/Air  ###.....     5%          3    None
 Confusing Touch          Hex            #.......     30%         3    None
 Tukima's Dance           Hex            #.......     30%         3    None
 Ring of Flames           Chrm/Fire      #.........   100%        7    #######

Inventory:

Hand Weapons
 a - the +9 staff of Olgreb (weapon) {rPois∞}

   It grants immunity to poison.
 b - a +3 halberd
 M - a cursed +3 morningstar of freezing
Missiles
 l - a throwing net {=f}
 J - 393 stones (quivered)
 U - 4 curare-tipped darts {=f}
Armour
 n - a +2 cloak of poison resistance (worn)
 K - a +0 helmet (worn)
 L - +0 steam dragon scales
 S - a +3 troll leather armour (worn) {Snorg}
Jewellery
 y - an uncursed ring of fire
 C - the amulet "Sax Xas" (around neck) {Reflect rElec Int+3 Dex+2 SH+3}

   [amulet of reflection]

   It shields you and reflects attacks.
   It affects your intelligence (+3).
   It affects your dexterity (+2).
   It insulates you from electricity.
   It affects your SH (+3).
 D - a ring of flight (left hand)
 O - a ring of protection from magic (right hand)
 R - an uncursed amulet of the acrobat
Wands
 p - a wand of random effects (12)
 q - a wand of paralysis (8)
 G - a wand of iceblast (9)
 I - a wand of disintegration (26)
 P - a wand of enslavement (6)
 T - a wand of digging (16)
Scrolls
 d - 4 scrolls of enchant armour
 g - 3 scrolls of magic mapping
 i - 3 scrolls of amnesia
 m - 9 scrolls of teleportation {@r4}
 o - 2 scrolls of fear
 t - 3 scrolls of enchant weapon
 u - 4 scrolls of immolation {!r}
 w - 4 scrolls of remove curse
 x - a scroll of blinking
 N - 4 scrolls of fog
 Q - a scroll of vulnerability {unknown}
Potions
 e - a potion of might
 f - a potion of brilliance {unknown}
 h - 2 potions of resistance {unknown}
 j - a potion of stabbing {unknown}
 k - 5 potions of curing {@q1}
 r - 8 potions of heal wounds {@q2}
 s - 3 potions of degeneration {unknown}
 z - 3 potions of mutation {!q}
 A - 2 potions of invisibility
 B - a potion of lignification {unknown}
 E - a potion of berserk rage {!q}
 F - a potion of cancellation {unknown}
 V - 2 potions of flight
Comestibles
 c - 27 rations
 v - 5 chunks of flesh

Dungeon Overview and Level Annotations

Branches:
Dungeon (11/15)            Temple (0/1) D:6            Lair (0/6) D:11
    Orc (0/2) D:10          Sewer (visited)

Altars:
Dithmenos
Nemelex Xobeh
Ru
Sif Muna
Uskayaw
Vehumet

Shops:
D:7 ?   D:9 *

Annotations:
D:10 1 runed translucent door
D:11 ipx's ghost, journeyman GrAM

▒.▒...▒▒.▒.▒.▒.▒ ▒.▒ ▒.....
▒.....▒▒.▒.▒.▒.▒▒▒▒.▒ ▒.....
▒▒....▒▒.....▒......▒▒▒▒▒.....
▒....▒▒▒▒.▒▒▒................
▒▒.▒▒▒▒▒▒'▒▒▒▒.......(..▒▒▒▒▒
▒..▒▒.....▒Wh.WY.......▒
▒▒.▒▒.....▒C▒▒▒'B'▒▒▒..▒
▒)▒▒.....▒W▒Bhr....▒..▒
▒.▒▒....÷▒F▒.......▒..▒▒▒▒
▒▒▒▒▒
▒..▒..>..▒.▒..▒.▒..▒.....▒
....▒
▒▒.▒.....▒Y▒.▒...▒.▒...▒.▒▒
....▒▒
▒.▒.....▒.▒..▒.▒.£▒.......
.....▒
▒.▒.....▒.▒..£=£..▒..▒▒.▒▒
▒▒...▒
▒.......▒.▒.......▒.......
▒...▒
▒▒.▒▒.....▒▒▒▒▒▒▒▒▒.....▒▒
▒▒▒▒▒
▒.▒▒.....................
▒..▒........▒▒▒.........▒


You could see an ettin, a freezing wraith, a hound, ipx's ghost and a friendly
ice beast.


Message History

The ettin is no longer encased in ice.
The walls release a blast of icicles at the ettin!
The ettin is encased in ice.
The walls release a blast of icicles at the quokka!
You kill the quokka!
Vehumet accepts your kill.
The walls release a blast of icicles at the freezing wraith!
The freezing wraith partially resists.
The freezing wraith hits you! The freezing wraith freezes you!!
* * * LOW HITPOINT WARNING * * *
The freezing wraith hits you!
* * * LOW HITPOINT WARNING * * *
The walls release a blast of icicles at ipx's ghost!
The walls release a blast of icicles at the ettin!
The walls release a blast of icicles at the freezing wraith!
The freezing wraith partially resists.
The freezing wraith barely misses you.
The freezing wraith hits you but does no damage.
Unknown command.
Unknown command.
A chill wind blows around you.
The frozen ramparts melt away.
The freezing wraith is no longer encased in ice.
The freezing wraith hits you!
* * * LOW HITPOINT WARNING * * *
The freezing wraith freezes you!
* * * LOW HITPOINT WARNING * * *
The freezing wraith hits you.
You die...

Action                   |  1- 3 |  4- 6 |  7- 9 | 10-12 || total
-------------------------+-------+-------+-------+-------++-------
Melee: Unarmed           |    34 |       |       |       ||    34
       Dagger            |    27 |       |       |       ||    27
       Mace              |     1 |    21 |       |       ||    22
       Halberd           |       |     2 |    56 |    71 ||   129
       Falchion          |       |       |    39 |    26 ||    65
       Staff             |       |       |       |    41 ||    41
 Cast: Freeze            |    41 |    71 |   109 |   195 ||   416
       Frozen Ramparts   |       |     3 |    24 |    34 ||    61
       Ozocubu's Armour  |       |       |    18 |    40 ||    58
       Summon Ice Beast  |       |       |       |     7 ||     7
       Hailstorm         |       |       |       |     2 ||     2
 Abil: Hop               |       |       |       |     1 ||     1
  Use: Scroll            |       |     8 |     8 |     2 ||    18
 Stab: Sleeping          |     2 |     2 |     1 |     2 ||     7
       Distracted        |       |       |       |     1 ||     1
  Eat: Chunk             |     3 |     6 |    16 |    20 ||    45
Armor: Robe              |    15 |    21 |    42 |       ||    78
       Steam dragon scal |       |       |     1 |    44 ||    45
       Troll leather arm |       |       |       |    45 ||    45
Dodge: Dodged            |    64 |    66 |   129 |   299 ||   558
Block: Other             |       |       |    16 |    40 ||    56
       Reflection        |       |       |       |     2 ||     2
       Rpst.: Falchion   |       |       |    23 |    24 ||    47

Levels and vault maps discovered:
D:1:      dpeg_arrival_pits, layout_basic
D:2:      layout_basic, nicolae_overflow_hidden_temple, first_ration,
          uniq_sigmund, uniq_jessica
D:3:      layout_loops_corners, chequers_ecumenical_altar_island
D:4:      layout_rooms, uniq_eustachio
D:5:      layout_basic, nicolae_dithmenos_the_darkroom, portal_sewer_entry_a,
          uniq_pikel
D:6:      layout_loops_corners, minmay_temple_entry_mini_moons, uniq_edmund,
          uniq_maggie
D:7:      layout_cave_pods, led_sif_book, serial_shops, kennysheep_little_box,
          grunt_decor_mini_mirrors
D:8:      layout_basic, hangedman_little_slice_of_home
D:9:      layout_cave_pools, serial_glass, glass_columns_b, glass_columns_b,
          serial_shops, nicolae_shop_behind_doors, eino_jars
D:10:     layout_basic, david_orc_3, minmay_guarded_unrand_staff_of_olgreb,
          uniq_sonja, uniq_snorg, uniq_maurice
D:11:     layout_basic, lair_entry_dummy, gammafunk_ghost_split,
          roderic_batcave, uniq_psyche, uniq_gastronok

Notes
Turn   | Place    | Note
-------+----------+-------------------------------------------
     0 | D:1      | sanka the Barachi Ice Elementalist began the quest for the
                  | Orb.
     0 | D:1      | Reached XP level 1. HP: 13/13 MP: 3/3
   353 | D:1      | Reached XP level 2. HP: 19/19 MP: 1/5
   425 | D:1      | Reached skill level 3 in Spellcasting
   930 | D:1      | Reached XP level 3. HP: 12/24 MP: 6/8
   935 | D:1      | Learned a level 3 spell: Frozen Ramparts
   939 | D:1      | Learned a level 3 spell: Ozocubu's Armour
  1149 | D:1      | Reached skill level 5 in Ice Magic
  1552 | D:2      | Found a sacrificial altar of Ru.
  1554 | D:2      | Found a radiant altar of Vehumet.
  1628 | D:2      | Noticed Jessica
  1629 | D:2      | Reached XP level 4. HP: 24/30 MP: 6/9
  1807 | D:2      | Killed Jessica
  1807 | D:2      | Reached skill level 4 in Spellcasting
  1854 | D:2      | Reached skill level 6 in Ice Magic
  1947 | D:2      | Reached XP level 5. HP: 29/35 MP: 7/11
  1981 | D:2      | Learned a level 4 spell: Summon Ice Beast
  2256 | D:2      | Noticed Sigmund
  2265 | D:2      | Killed Sigmund
  2265 | D:2      | Reached skill level 2 in Summonings
  2265 | D:2      | Reached skill level 7 in Ice Magic
  2265 | D:2      | Reached XP level 6. HP: 25/41 MP: 3/12
  2295 | D:2      | Found a sparkling altar of Nemelex Xobeh.
  2296 | D:2      | Found a hide-covered altar of Uskayaw.
  2360 | D:2      | Became a worshipper of Vehumet
  2939 | D:3      | Found a faded altar of an unknown god.
  3073 | D:3      | Reached skill level 3 in Summonings
  3092 | D:3      | Reached * piety under Vehumet
  3092 | D:3      | Offered knowledge of Magic Dart by Vehumet.
  3437 | D:4      | Reached skill level 8 in Ice Magic
  3437 | D:4      | Reached XP level 7. HP: 34/46 MP: 7/13
  3692 | D:4      | Reached skill level 9 in Ice Magic
  3723 | D:4      | Noticed Eustachio
  3947 | D:4      | Killed Eustachio
  3947 | D:4      | Reached skill level 10 in Ice Magic
  3947 | D:4      | Reached XP level 8. HP: 40/52 MP: 7/14
  3953 | D:4      | Learned a level 4 spell: Hailstorm
  4203 | D:5      | Entered Level 5 of the Dungeon
  4203 | D:5      | Noticed Pikel
  4213 | D:5      | Killed Pikel
  4213 | D:5      | Reached skill level 3 in Fighting
  4213 | D:5      | Reached skill level 3 in Dodging
  4213 | D:5      | Reached skill level 1 in Conjurations
  4390 | D:5      | Found a shadowy altar of Dithmenos.
  4437 | D:5      | Found a glowing drain.
  4466 | Sewer    | Entered a sewer
  4471 | Sewer    | Offered knowledge of Shock by Vehumet.
  4504 | Sewer    | Reached skill level 4 in Dodging
  4504 | Sewer    | Reached skill level 2 in Conjurations
  4575 | D:5      | Reached ** piety under Vehumet
  4677 | D:5      | Reached skill level 4 in Fighting
  5209 | D:5      | Reached XP level 9. HP: 66/66 MP: 6/15
  5273 | D:5      | Got a heavily runed ruby amulet
  5274 | D:5      | Identified the amulet "Sax Xas" {Reflect rElec Int+3 Dex+2
                  | SH+3} (You found it on level 5 of the Dungeon)
  5340 | D:6      | Reached skill level 5 in Fighting
  5340 | D:6      | Reached skill level 5 in Dodging
  5460 | D:6      | Reached skill level 3 in Conjurations
  5478 | D:6      | Reached skill level 1 in Evocations
  5573 | D:6      | Offered knowledge of Searing Ray by Vehumet.
  5590 | D:6      | Found a staircase to the Ecumenical Temple.
  5973 | D:6      | Reached skill level 6 in Fighting
  6044 | D:6      | Reached skill level 6 in Dodging
  6256 | D:6      | Noticed Edmund
  6264 | D:6      | Killed Edmund
  6264 | D:6      | Reached skill level 11 in Ice Magic
  6264 | D:6      | Reached skill level 2 in Evocations
  6288 | D:6      | Reached *** piety under Vehumet
  6526 | D:6      | Identified +0 steam dragon scales
  6526 | D:6      | Noticed Maggie
  6547 | D:6      | Killed Maggie
  6547 | D:6      | Reached skill level 7 in Fighting
  6920 | D:7      | Found a shimmering blue altar of Sif Muna.
  6938 | D:7      | Reached skill level 7 in Dodging
  6939 | D:7      | Reached skill level 3 in Evocations
  6945 | D:7      | Identified Sif Muna's Tome of Hexes
  7024 | D:7      | Reached XP level 10. HP: 63/79 MP: 10/16
  7120 | D:7      | Offered knowledge of Inner Flame by Vehumet.
  7231 | D:7      | Reached skill level 8 in Fighting
  7627 | D:7      | Found Vorhacle's Magic Scroll Boutique.
  7632 | D:7      | Bought a scroll of fog for 28 gold pieces
  7957 | D:8      | Reached skill level 8 in Dodging
  7990 | D:8      | Reached **** piety under Vehumet
  7990 | D:8      | Reached skill level 4 in Evocations
  8083 | D:8      | Offered knowledge of Yara's Violent Unravelling by Vehumet.
  8580 | D:9      | Reached skill level 9 in Fighting
  8906 | D:9      | Reached skill level 9 in Dodging
  8955 | D:9      | Reached skill level 5 in Evocations
  9119 | D:9      | Reached ***** piety under Vehumet
  9119 | D:9      | Offered knowledge of Iron Shot by Vehumet.
  9228 | D:9      | Found Omoag's General Store.
  9271 | D:9      | Upgraded the game from 0.25-a0-632-g7713895373 to
                  | 0.25-a0-635-g0c6c292ef3
  9285 | D:10     | Entered Level 10 of the Dungeon
  9295 | D:10     | Noticed a gargoyle
  9297 | D:10     | Noticed Snorg
  9304 | D:10     | Killed a gargoyle
  9304 | D:10     | Reached skill level 10 in Fighting
  9304 | D:10     | Reached XP level 11. HP: 84/90 MP: 8/17
  9309 | D:10     | Killed Snorg
  9495 | D:10     | Noticed Sonja
  9506 | D:10     | Killed Sonja
  9506 | D:10     | Reached skill level 10 in Dodging
  9643 | D:10     | Found a staircase to the Orcish Mines.
  9757 | D:10     | Noticed Maurice
  9763 | D:10     | Killed Maurice
  9763 | D:10     | Reached skill level 6 in Evocations
  9988 | D:10     | Found a runed translucent door.
  9990 | D:10     | Found a runed translucent gate.
  9990 | D:10     | Found a runed translucent gate.
  9991 | D:10     | Found a runed translucent gate.
  9999 | D:10     | Found a runed translucent door.
 10001 | D:10     | Found the +9 staff of Olgreb {rPois∞}
 10260 | D:10     | Reached skill level 11 in Fighting
 10815 | D:11     | Noticed ipx's ghost (journeyman GrAM)
 10815 | D:11     | Noticed Gastronok
 10819 | D:11     | Noticed a green ugly thing
 10831 | D:11     | Killed Gastronok
 10831 | D:11     | Reached skill level 5 in Spellcasting
 10831 | D:11     | Reached skill level 7 in Evocations
 10835 | D:11     | Killed a green ugly thing
 10835 | D:11     | Reached skill level 11 in Dodging
 10863 | D:11     | Noticed an ettin
 10876 | D:11     | Found a runed translucent gate.
 10876 | D:11     | Found a runed translucent gate.
 10876 | D:11     | Found a runed translucent gate.
 10922 | D:11     | Found a staircase to the Lair.
 10980 | D:11     | Noticed Psyche
 10988 | D:11     | Killed Psyche
 11301 | D:11     | Reached skill level 6 in Spellcasting
 11301 | D:11     | Reached XP level 12. HP: 100/100 MP: 18/21
 11313 | D:11     | Learned a level 6 spell: Freezing Cloud
 11359 | D:11     | HP: 4/100 [freezing wraith (14)]
 11359 | D:11     | Slain by a freezing wraith

Vanquished Creatures
  Snorg (D:10)
  Sonja (D:10)
  Pikel (D:5)
  Maurice (D:10)
  Psyche (D:11)
  Maggie (D:6)
  A centaur skeleton (D:11)
  A hippogriff (D:8)
  Sigmund (D:2)
  3 yaks (D:11)
  2 wyverns
  Eustachio (D:4)
  Edmund (D:6)
  4 soldier ants (D:10)
  3 water moccasins
  A slave (D:5)
  2 orc warriors
  A black bear (D:8)
  2 sky beasts
  4 ice beasts
  6 ogres
  2 phantoms
  A crocodile (Sewer)
  5 centaurs
  A big kobold (D:10)
  4 bullfrogs
  5 scorpions
  17 killer bees
  A water moccasin skeleton (D:9)
  12 wights
  A vampire bat (D:11)
  8 howler monkeys
  6 electric eels
  4 crimson imps
  6 orc priests
  A bullfrog zombie (D:5)
  A centaur zombie (D:9)
  12 orc wizards
  4 bullfrog skeletons
  3 hounds
  6 jellies
  Jessica (D:2)
  2 iguanas
  12 worker ants
  A hound zombie (D:9)
  A worker ant zombie (D:8)
  A howler monkey skeleton (D:5)
  17 adders
  8 gnolls
  2 shadow imps
  5 oozes (D:8)
  An adder zombie (D:9)
  2 worms
  5 dart slugs
  5 leopard geckos
  27 orcs
  2 ball pythons
  15 giant cockroaches
  9 goblins
  12 hobgoblins
  18 jackals
  9 quokkas
  20 bats
  6 frilled lizards
  A jackal zombie (D:6)
  17 kobolds
  4 rats
342 creatures vanquished.

Vanquished Creatures (collateral kills)
  Gastronok (D:11)
  An ugly thing (D:11)
  A gargoyle (D:10)
  An ogre (D:11)
4 creatures vanquished.

Vanquished Creatures (others)
  A bullfrog zombie (D:5)
  An adder (D:5)
  3 orcs (D:5)
5 creatures vanquished.

Grand Total: 351 creatures vanquished
